 Dungeon Crawl Stone Soup version 0.26.1-11-gd32895ea62 (webtiles) character file.

Game seed: 9096454514394888795

135 sankara the Grasshopper (level 5, -1/43 HPs)
             Began as a Gnoll Warper on May 23, 2021.
             Was an Initiate of Ru.
             Slain by a gnoll (8 damage)
             ... on level 3 of the Dungeon.
             The game lasted 00:07:18 (2685 turns).

sankara the Grasshopper (Gnoll Warper)              Turns: 2685, Time: 00:07:19

Health: -1/43      AC:  5    Str: 14    XL:     5   Next: 18%
Magic:  11/12      EV: 14    Int: 15    God:    Ru [......]
Gold:   166        SH:  0    Dex: 15    Spells: 4/14 levels left

rFire    . . .     SeeInvis .   g - +3 short sword
rCold    . . .     Faith    .   (no shield)
rNeg     . . .     Spirit   .   b - +0 leather armour
rPois    .         Reflect  .   (no helmet)
rElec    .         Harm     .   p - scarf {shadows}
rCorr    .         Rampage  .   (no gloves)
Will     .....                  j - +1 pair of boots
Stlth    ++........             (no amulet)
HPRegen  0.14/turn              (no ring)
MPRegen  0.13/turn              (no ring)

@: wereblooded (expiring)
A: distributed training, fangs 1, strong nose
a: Renounce Religion


You were on level 3 of the Dungeon.
You worshipped Ru.
Ru was noncommittal.
You visited 1 branch of the dungeon, and saw 3 of its levels.

You collected 166 gold pieces.

Inventory:

Hand Weapons
 a - a +0 mace
 g - a +3 short sword (weapon)
 n - a +1 vorpal hand axe
 v - a +0 hunting sling
Missiles
 e - 5 boomerangs of dispersal (quivered)
 l - a stone
 o - 14 sling bullets
Armour
 b - a +0 leather armour (worn)
 j - a +1 pair of boots (worn)
 p - a scarf of shadows (worn)
Jewellery
 q - an uncursed ring of ice
Scrolls
 d - a scroll of blinking
 f - 5 scrolls of identify {unknown}
 i - 2 scrolls of enchant armour {unknown}
 m - a scroll of teleportation {unknown}
 r - a scroll of immolation
 s - a scroll of fog {unknown}
 t - 2 scrolls of enchant weapon {unknown}
 u - a scroll of magic mapping {unknown}
 w - a scroll of remove curse {unknown}
Potions
 h - a potion of mutation {unknown}
 k - 3 potions of curing {unknown}
 x - 3 potions of lignification {unknown}
 z - a potion of flight {unknown}


   Skills:
 + Level 4.7 Fighting
 + Level 1.4 Short Blades
 + Level 1.4 Long Blades
 + Level 1.4 Axes
 + Level 4.7 Maces & Flails
 + Level 1.4 Polearms
 + Level 1.4 Staves
 + Level 1.4 Slings
 + Level 1.4 Bows
 + Level 1.4 Crossbows
 + Level 2.9 Throwing
 + Level 2.9 Armour
 + Level 4.7 Dodging
 + Level 1.4 Stealth
 + Level 1.4 Shields
 + Level 1.4 Unarmed Combat
 + Level 5.1 Spellcasting
 + Level 1.1 Conjurations
 + Level 1.1 Hexes
 + Level 1.1 Summonings
 + Level 1.1 Necromancy
 + Level 5.5 Translocations
 + Level 1.1 Transmutations
 + Level 1.1 Fire Magic
 + Level 1.1 Ice Magic
 + Level 1.1 Air Magic
 + Level 1.1 Earth Magic
 + Level 1.1 Poison Magic
 + Level 1.5 Invocations
 + Level 1.4 Evocations


You had 4 spell levels left.
You knew the following spells:

 Your Spells              Type           Power        Failure   Level
a - Lesser Beckoning      Tloc           5%           6%          3
b - Blink                 Tloc           N/A          3%          2
c - Teleport Other        Tloc           10%          6%          3
d - Wereblood             Tmut           3%           19%         2

Your spell library contained the following spells:

 Spells                   Type           Power        Failure   Level
 Gell's Gravitas          Tloc           5%           6%          3
 Beastly Appendage        Tmut           6%           12%         1
 Passage of Golubria      Tloc           N/A          21%         4
 Spider Form              Tmut/Pois      1%           36%         3
 Ice Form                 Ice/Tmut       3%           77%         4
 Blade Hands              Tmut           1%           98%         5


Dungeon Overview and Level Annotations

Branches:
Dungeon (3/15)

Altars:
Hepliaklqana
Ru
Wu Jian

Annotations:
D:3 1 runed translucent door, Olive's ghost, amateur SpVM


Innate Abilities, Weirdness & Mutations

Your experience applies equally to all skills.
You have very sharp teeth.
Your uncanny sense of smell can sniff out nearby items.


Message History

The gnoll hits you.
You closely miss the gnoll.
The gnoll is almost dead.
You howl as the wereblood boils in your veins!
Your primal bloodlust is almost over.
You hear a shout!
The gnoll closely misses you.
You hit the gnoll.
The gnoll is almost dead.
You howl as the wereblood boils in your veins!
The gnoll hits you.
* * * LOW HITPOINT WARNING * * *
You barely miss the gnoll.
The gnoll is almost dead.
The gnoll hits you.
* * * LOW HITPOINT WARNING * * *
You barely miss the gnoll.
The gnoll is almost dead.
The gnoll hits you!
You die...

∆ ∆ #.#######
########....@gl#
#.....########.#
#............#?# ..∆
#.....######.#g#...#
#)......#............
###+#........#.......
#.#.>......#######.
#.##.......# ###
#....†#†...#


You could see a gnoll and a frilled lizard.

Vanquished Creatures
  Ijyb (D:3)
  An orc wizard (D:3)
  A gnoll (D:1)
  An adder (D:3)
  An ooze (D:1)
  A worm (D:2)
  A dart slug (D:1)
  A leopard gecko (D:2)
  3 orcs
  3 giant cockroaches
  7 hobgoblins
  6 kobolds
  2 quokkas
  7 bats
  4 frilled lizards
  9 goblins
  3 rats
52 creatures vanquished.

Notes
Turn   | Place    | Note
-------+----------+-------------------------------------------
     0 | D:1      | sankara the Gnoll Warper began the quest for the Orb.
     0 | D:1      | Reached XP level 1. HP: 20/20 MP: 6/6
   225 | D:1      | Reached XP level 2. HP: 26/26 MP: 7/7
   228 | D:1      | Learned a level 2 spell: Blink
   342 | D:1      | Reached XP level 3. HP: 31/31 MP: 9/9
   369 | D:1      | Reached skill level 5 in Spellcasting
   941 | D:2      | Reached skill level 1 in Invocations
  1098 | D:2      | Reached skill level 1 in Short Blades
  1098 | D:2      | Reached skill level 1 in Long Blades
  1098 | D:2      | Reached skill level 1 in Axes
  1098 | D:2      | Reached skill level 1 in Polearms
  1098 | D:2      | Reached skill level 1 in Staves
  1098 | D:2      | Reached skill level 1 in Slings
  1098 | D:2      | Reached skill level 1 in Bows
  1098 | D:2      | Reached skill level 1 in Crossbows
  1098 | D:2      | Reached skill level 1 in Stealth
  1098 | D:2      | Reached skill level 1 in Shields
  1098 | D:2      | Reached skill level 1 in Unarmed Combat
  1098 | D:2      | Reached skill level 1 in Evocations
  1717 | D:2      | Reached XP level 4. HP: 37/38 MP: 11/11
  2141 | D:3      | Found a sacrificial altar of Ru.
  2141 | D:3      | Found an ornate altar of the Wu Jian Council.
  2142 | D:3      | Found a hazy altar of Hepliaklqana.
  2161 | D:3      | Became a worshipper of Ru the Awakened
  2174 | D:3      | Found a runed translucent door.
  2176 | D:3      | Noticed Olive's ghost (amateur SpVM)
  2176 | D:3      | Noticed an orc warrior
  2253 | D:3      | Reached skill level 1 in Conjurations
  2253 | D:3      | Reached skill level 1 in Hexes
  2253 | D:3      | Reached skill level 1 in Summonings
  2253 | D:3      | Reached skill level 1 in Necromancy
  2253 | D:3      | Reached skill level 1 in Transmutations
  2253 | D:3      | Reached skill level 1 in Fire Magic
  2253 | D:3      | Reached skill level 1 in Ice Magic
  2253 | D:3      | Reached skill level 1 in Air Magic
  2253 | D:3      | Reached skill level 1 in Earth Magic
  2253 | D:3      | Reached skill level 1 in Poison Magic
  2509 | D:3      | Learned a level 3 spell: Lesser Beckoning
  2513 | D:3      | Learned a level 3 spell: Teleport Other
  2516 | D:3      | Learned a level 2 spell: Wereblood
  2630 | D:3      | Noticed Ijyb
  2672 | D:3      | Killed Ijyb
  2673 | D:3      | Reached XP level 5. HP: 27/43 MP: 9/12
  2685 | D:3      | Slain by a gnoll

Illustrated notes

Levels and vault maps discovered:
D:1:      dpeg_arrival_fog, layout_loops_ring
D:2:      layout_loops_ring
D:3:      layout_basic, chequers_temple_overflow_statue_of_worship,
          ebering_ghost_inner_flame, uniq_sigmund, uniq_ijyb

Skill      XL: |  1  2  3  4 |
---------------+-------------+-----
Spellcasting   | 5 |  5.1
Invocations    | 1 |  1.5
Short Blades   | 1 |  1.4
Long Blades    | 1 |  1.4
Axes           | 1 |  1.4
Polearms       | 1 |  1.4
Staves         | 1 |  1.4
Slings         | 1 |  1.4
Bows           | 1 |  1.4
Crossbows      | 1 |  1.4
Stealth        | 1 |  1.4
Shields        | 1 |  1.4
Unarmed Combat | 1 |  1.4
Evocations     | 1 |  1.4
Conjurations   | 1 |  1.1
Hexes          | 1 |  1.1
Summonings     | 1 |  1.1
Necromancy     | 1 |  1.1
Transmutations | 1 |  1.1
Fire Magic     | 1 |  1.1
Ice Magic      | 1 |  1.1
Air Magic      | 1 |  1.1
Earth Magic    | 1 |  1.1
Poison Magic   | 1 |  1.1
Fighting       | |  4.7
Maces & Flails | |  4.7
Throwing       | |  2.9
Armour         | |  2.9
Dodging        | |  4.7
Translocations | |  5.5

Action                   |  1- 3 |  4- 6 || total
-------------------------+-------+-------++-------
Melee: Mace              |    24 |       ||    24
       Bite              |     9 |     8 ||    17
       Short sword       |    87 |   101 ||   188
 Cast: Wereblood         |       |     1 ||     1
  Use: Potion            |       |     1 ||     1
 Stab: Sleeping          |     4 |     1 ||     5
Armor: Leather armour    |    19 |    36 ||    55
Dodge: Dodged            |    67 |    70 ||   137
